 Dungeon Crawl Stone Soup version 0.30-a0-596-g0af90f9a20 (webtiles) character file.

Game seed: 14826481083293426910

5 Newt the Shooter (level 1, 0/12 HPs)
             Began as a Kobold Hunter on Jan 6, 2023.
             Slain by a goblin
             ... wielding a +0 club
              (1 damage)
             ... on level 1 of the Dungeon.
             The game lasted 00:00:15 (57 turns).

Newt the Shooter (Kobold Hunter)                      Turns: 57, Time: 00:00:16

Health: 0/12       AC:  3    Str:  8    XL:     1   Next: 88%
Magic:  1/1        EV: 14    Int: 10    God:
Gold:   14         SH:  0    Dex: 18    Spells: 0/0 levels left

rFire   . . .      SeeInvis .    a - +0 shortbow
rCold   . . .      Faith    .    (shield currently unavailable)
rNeg    . . .      Spirit   .    c - +0 leather armour
rPois   .          Reflect  .    (no helmet)
rElec   .          Harm     .    (no cloak)
rCorr   .          Rampage  .    (no gloves)
Will    .....                    (no boots)
Stlth   +++                      (no amulet)
HPRegen 0.22/turn                (no ring)
MPRegen 0.07/turn                (no ring)

@: no status effects
A: small, no large weapons, nightstalker 3
a: no special abilities


You were on level 1 of the Dungeon.
You visited 1 branch of the dungeon, and saw 1 of its levels.

You collected 14 gold pieces.

Inventory:

Hand Weapons
 a - a +0 shortbow (weapon)
Armour
 c - a +0 leather armour (worn)
Scrolls
 b - a scroll of immolation
 d - a scroll of identify {unknown}


   Skills:
 - Level 2.1 Fighting
 - Level 5.3 Ranged Weapons
 - Level 2.4 Dodging
 * Level 2.6 Stealth


You couldn't memorise any spells.
You didn't know any spells.
Your spell library was empty.

Dungeon Overview and Level Annotations

Branches:
Dungeon (1/15)

Altars:


Innate Abilities, Weirdness & Mutations

You are small and have problems with some larger weapons.
You are completely attuned to the shadows.


Message History

A hobgoblin and a goblin come into view.
There are monsters nearby!
There are monsters nearby!
You shoot an arrow. The arrow hits the hobgoblin.
The hobgoblin shouts!
The hobgoblin is moderately wounded.
The goblin shouts!
You hear a shout!
The hobgoblin misses you.
You shoot an arrow. The arrow barely misses the hobgoblin.
The hobgoblin hits you.
You shoot an arrow. The arrow hits the hobgoblin.
The hobgoblin is heavily wounded.
The goblin hits you but does no damage. The hobgoblin completely misses you.
You shoot an arrow.
The arrow hits the hobgoblin but does no damage.
The hobgoblin is heavily wounded.
You hear a shout!
The goblin hits you with a +0 club.
The hobgoblin hits you but does no damage.
A gnoll comes into view. It is wielding a +0 spear.
The hobgoblin hits you but does no damage.
The goblin hits you with a +0 club.
You shoot an arrow.
The arrow hits the hobgoblin but does no damage.
The hobgoblin is heavily wounded.
The goblin hits you with a +0 club. The hobgoblin closely misses you.
You are too injured to fight recklessly!
You are too injured to fight recklessly!
You are too injured to fight recklessly!
You are too injured to fight recklessly!
You are too injured to fight recklessly!
You are too injured to fight recklessly!
You are too injured to fight recklessly!
You are too injured to fight recklessly!
There are monsters nearby!
You are too injured to fight recklessly!
The goblin attacks as you move away! The goblin hits you with a +0 club.
* * * LOW HITPOINT WARNING * * *
The goblin attacks as you move away! The goblin hits you with a +0 club.
You die...

#... #.#. #.#. #...
.##.#.# #.#####.#...
....#.# #.#...#.#...
#..#.# #.#.#.#.##''
##..#.######.#.#.#.#...
...ggg@........†.......
##..#.######.#.#.#.####
#..#.# #.#[#.#.# #..#.#
#.#.#)#.# ...#.#
#.#.#.#.# #.#.# #.# ..#
#.# #.#


You could see a gnoll, a hobgoblin and a goblin.

Vanquished Creatures
  A dart slug (D:1)
  A giant cockroach (D:1)
  A kobold (D:1)
3 creatures vanquished.

Notes
Turn   | Place    | Note
-------+----------+-------------------------------------------
     0 | D:1      | Newt the Kobold Hunter began the quest for the Orb.
     0 | D:1      | Reached XP level 1. HP: 12/12 MP: 1/1
    57 | D:1      | Slain by a goblin

Illustrated notes

Levels and vault maps discovered:
D:1:      lemuel_arrival_behind_the_door_large, layout_basic,
          minmay_splitting_lines

Skill      XL: |  1 |
---------------+----+-----
Stealth        | 2 |  2.6
Fighting       | |  2.1
Ranged Weapons | |  5.3
Dodging        | |  2.4

Action                   || total
-------------------------++-------
 Fire: Shortbow          ||    15
Armor: Leather armour    ||     3
Dodge: Dodged            ||     9

Table legend: (Time is in decaauts)
 A = Elapsed time spent in this place.
 B = Non-inter-level travel time spent in this place.
 C = Inter-level travel time spent in this place.
 D = Time resting spent in this place.
 E = Time spent auto-exploring this place.
 F = Levels seen in this place.
 G = Mean time per level.
                   A        B        C        D        E       F      G
               +--------+--------+--------+--------+--------+-----+--------+
         Total |     61 |     61 |      0 |      0 |     35 |   1 |   61.0 |
       Dungeon |     61 |     61 |      0 |      0 |     35 |   1 |   61.0 |
               +--------+--------+--------+--------+--------+-----+--------+

Top non-repeatable levels by time:
     D:1: 61 daAuts
